 Dungeon Crawl Stone Soup version 0.31-a0-986-g5e6e4ef867 (webtiles) character file.

Game seed: 17678686795817027248

1776726 RepHenryClay the Impregnable (level 27, 169/169 HPs)
             Began as a Gargoyle Fighter on Nov 8, 2023.
             Was the Champion of Makhleb.
             Escaped with the Orb
             ... and 3 runes on Nov 9, 2023!
             The game lasted 02:18:26 (61416 turns).

RepHenryClay the Impregnable (Gargoyle Fighter)    Turns: 61416, Time: 02:18:26

Health: 169/169    AC: 58    Str: 48    XL:     27
Magic:  37/37      EV: 17    Int: 10    God:    Makhleb [******]
Gold:   6430       SH: 27    Dex:  7    Spells: 24/26 levels left

rFire   + + +        a - +9 eveningstar (freeze)
rCold   + + +        l - +1 tower shield {rC+}
rNeg    + . .        s - +0 gold dragon scales
rPois   ∞            d - +1 hat of the Amorous God {rC+ Slay+2}
rElec   +            F - +4 dragonskin cloak
rCorr   +            n - +0 pair of gloves of the Worm {rF+}
SInv    .            N - +0 pair of boots of Mosokhlyu {Will+ rCorr Int+3}
Will    +++..        S - amulet of reflection Stlth
                     c - ring "Diol" {rElec EV+5 Str+7 Dex-4}
HPRegen 0.48/turn    V - ring "Zeturche" {rF+ rC+ Str+3}
MPRegen 0.25/turn

%: reflection
@: flying
A: sickness immunity, AC +20, big wings, negative energy resistance 1,
electricity resistance, torment resistance 1, petrification resistance, horns 2,
frail 1, strong 2, cold vulnerability 1
0: Orb of Zot
}: 3/15 runes: decaying, silver, gossamer
a: Renounce Religion, Minor Destruction, Lesser Servant of Makhleb, Major
Destruction, Greater Servant of Makhleb


You escaped.
You worshipped Makhleb.
Makhleb was exalted by your worship.
You visited 10 branches of the dungeon, and saw 48 of its levels.
You also visited: Trove, Bailey, Gauntlet and Ice Cave.

You collected 9820 gold pieces.
You spent 3390 gold pieces at shops.

Inventory:

Hand Weapons
 a - a +9 eveningstar of freezing (weapon)
 U - the +10 broad axe "Secret Weapon" {elec, MP-9 Int+4 Dex+2 Stlth+}
   (You found it on level 1 of the Depths)

   Int+4:     It affects your intelligence (+4).
   Dex+2:     It affects your dexterity (+2).
   MP-9:      It affects your magic capacity (-9).
   Stlth+:    It makes you more stealthy.
Missiles
 M - 3 silver javelins
 X - 8 curare-tipped darts
 Y - 3 throwing nets
 Z - 16 javelins (quivered)
Armour
 d - the +1 hat of the Amorous God (worn) {rC+ Slay+2}
   (You found it in a treasure trove)

   Slay+2:    It affects your accuracy & damage with ranged weapons and melee
   (+2).
   rC+:       It protects you from cold.
 l - a +1 tower shield of cold resistance (worn)
 n - the +0 pair of gloves of the Worm (worn) {rF+}
   (You found it on level 2 of the Dungeon)

   rF+:       It protects you from fire.
 r - the +3 hat of Pondering {ponderous, Will+ MP+10 Int+5}
   (You found it in a treasure trove)

   Int+5:     It affects your intelligence (+5).
   Will+:     It increases your willpower.
   MP+10:     It affects your magic capacity (+10).
 s - +0 gold dragon scales (worn)
 F - the +4 dragonskin cloak (worn)
   (You took it off Tiamat on level 2 of the Realm of Zot)

   Avatar's Aegis: It grants the wearer a chance to resist fire, cold, poison,
   electricity, acid, and negative energy.
 N - the +0 pair of boots of Mosokhlyu (worn) {Will+ rCorr Int+3}
   (You found it on level 3 of the Elven Halls)

   Int+3:     It affects your intelligence (+3).
   Will+:     It increases your willpower.
   rCorr:     It protects you from acid and corrosion.
Jewellery
 c - the ring "Diol" (left hand) {rElec EV+5 Str+7 Dex-4}
   (You took it off a deep elf blademaster on level 3 of the Elven Halls)

   [ring of evasion]

   EV+5:      It affects your evasion (+5).
   Str+7:     It affects your strength (+7).
   Dex-4:     It affects your dexterity (-4).
   rElec:     It insulates you from electricity.
 g - the ring "Potios" {Ice rElec rN+ Will+}
   (You found it in a treasure trove)

   [ring of ice]

   Ice:       It enhances your ice magic.
   rF-:       It makes you vulnerable to fire.
   rC+:       It protects you from cold.
   rElec:     It insulates you from electricity.
   rN+:       It protects you from negative energy.
   Will+:     It increases your willpower.
 k - a ring of see invisible
 m - a +4 ring of slaying
 A - a ring of willpower
 E - the ring of Tokizy {rElec rCorr Int+6 Dex+2}
   (You acquired it on level 2 of the Swamp)

   [ring of intelligence]

   Int+6:     It affects your intelligence (+6).
   Dex+2:     It affects your dexterity (+2).
   rElec:     It insulates you from electricity.
   rCorr:     It protects you from acid and corrosion.
 Q - an amulet of regeneration
 S - an amulet of reflection (around neck)
 V - the ring "Zeturche" (right hand) {rF+ rC+ Str+3}
   (You acquired it on level 3 of the Lair of Beasts)

   [ring of protection from cold]

   Str+3:     It affects your strength (+3).
   rF+:       It protects you from fire.
   rC+:       It protects you from cold.
Wands
 f - a wand of acid (38)
 z - a wand of iceblast (46)
 D - a wand of mindburst (22)
 J - a wand of paralysis (26)
 T - a wand of digging (33)
Scrolls
 e - 5 scrolls of enchant armour
 h - 8 scrolls of blinking
 o - 6 scrolls of poison
 q - 4 scrolls of revelation
 v - 10 scrolls of teleportation
 x - a scroll of brand weapon
 y - 13 scrolls of immolation
 I - 3 scrolls of torment
 K - 21 scrolls of fog
 O - 4 scrolls of butterflies
 P - 5 scrolls of enchant weapon
 R - 9 scrolls of fear
Potions
 b - 9 potions of might
 p - 2 potions of mutation
 t - 10 potions of ambrosia
 w - 26 potions of curing
 B - 6 potions of resistance
 C - 8 potions of enlightenment
 G - 11 potions of heal wounds
 H - 5 potions of invisibility
 L - 8 potions of haste
 W - 3 potions of magic
Miscellaneous
 i - a lightning rod (4/4)
 j - a phantom mirror


   Skills:
 * Level 23.0 Fighting
 - Level 16.0 Maces & Flails
 - Level 8.0 Throwing
 * Level 26.3 Armour
 + Level 12.5 Dodging
 * Level 23.7 Shields
 * Level 21.4 Invocations


You had 24 spell levels left.
You knew the following spells:

 Your Spells              Type           Power      Damage    Failure   Level
a - Lesser Beckoning      Tloc           0%         N/A       89%         2

Your spell library contained the following spells:

 Spells                   Type           Power      Damage    Failure   Level
 Apportation              Tloc           0%         N/A       78%         1
 Foxfire                  Conj/Fire      0%         2x1d4     78%         1
 Freeze                   Ice            0%         1d3       78%         1
 Kiss of Death            Conj/Necr      0%         2d5       78%         1
 Magic Dart               Conj           0%         1d3       78%         1
 Necrotise                Necr           0%         1d4       78%         1
 Shock                    Conj/Air       0%         1d3       78%         1
 Slow                     Hex            0%         N/A       78%         1
 Sting                    Tmut/Pois      0%         1d3       78%         1
 Summon Small Mammal      Summ           0%         N/A       78%         1
 Call Imp                 Summ           0%         N/A       89%         2
 Ensorcelled Hibernation  Hex/Ice        0%         N/A       89%         2
 Jinxbite                 Hex            0%         N/A       89%         2
 Passwall                 Tmut/Erth      0%         N/A       89%         2
 Poisonous Vapours        Pois/Air       0%         N/A       89%         2
 Scorch                   Fire           0%         2d5       89%         2
 Static Discharge         Conj/Air       0%         3-3/arc   89%         2
 Wereblood                Tmut           0%         N/A       89%         2
 Call Canine Familiar     Summ           0%         N/A       98%         3
 Confusing Touch          Hex            0%         N/A       98%         3
 Dazzling Flash           Conj/Hex       0%         N/A       98%         3
 Frozen Ramparts          Ice            0%         1d1       98%         3
 Gell's Gravitas          Tloc           0%         N/A       98%         3
 Hailstorm                Conj/Ice       0%         3d3       98%         3
 Inner Flame              Hex/Fire       0%         N/A       98%         3
 Mephitic Cloud           Conj/Pois/Air  0%         N/A       98%         3
 Sigil of Binding         Hex            0%         N/A       98%         3
 Stone Arrow              Conj/Erth      0%         3d7       98%         3
 Summon Guardian Golem    Hex/Summ       0%         N/A       98%         3
 Swiftness                Air            0%         N/A       98%         3
 Teleport Other           Tloc           0%         N/A       98%         3
 Vampiric Draining        Necr           0%         2d6       98%         3
 Airstrike                Air            0%         2d(0-16)  100%        4
 Animate Armour           Summ/Erth      0%         N/A       100%        4
 Animate Dead             Necr           0%         N/A       100%        4
 Dimensional Bullseye     Hex/Tloc       0%         N/A       100%        4
 Dispel Undead            Necr           0%         3d6       100%        4
 Flame Wave               Conj/Fire      0%         2d4       100%        4
 Fulminant Prism          Conj/Hex       0%         3d5       100%        4
 Leda's Liquefaction      Hex/Erth       0%         N/A       100%        4
 Manifold Assault         Tloc           0%         N/A       100%        4
 Olgreb's Toxic Radiance  Pois           0%         N/A       100%        4
 Passage of Golubria      Tloc           0%         N/A       100%        4
 Petrify                  Tmut/Erth      0%         N/A       100%        4
 Sticky Flame             Conj/Fire      0%         2d3       100%        4
 Summon Ice Beast         Ice/Summ       0%         N/A       100%        4
 Summon Lightning Spire   Summ/Air       0%         N/A       100%        4
 Vhi's Electric Charge    Tloc/Air       0%         N/A       100%        4
 Agony                    Necr           0%         N/A       100%        5
 Alistair's Intoxication  Tmut/Pois      0%         N/A       100%        5
 Arcjolt                  Conj/Air       0%         1d10      100%        5
 Borgnjor's Vile Clutch   Necr/Erth      0%         N/A       100%        5
 Freezing Cloud           Conj/Ice/Air   0%         6-21      100%        5
 Irradiate                Conj/Tmut      0%         3d11      100%        5
 Lee's Rapid Deconstruct  Erth           0%         3d4*      100%        5
 Metabolic Englaciation   Hex/Ice        0%         N/A       100%        5
 Silence                  Hex/Air        0%         N/A       100%        5
 Summon Mana Viper        Hex/Summ       0%         N/A       100%        5
 Bombard                  Conj/Erth      0%         9d1       100%        6
 Death Channel            Necr           0%         N/A       100%        6
 Plasma Beam              Fire/Air       0%         2x1d10    100%        6
 Simulacrum               Ice/Necr       0%         N/A       100%        6
 Starburst                Conj/Fire      0%         6d3       100%        6
 Haunt                    Necr/Summ      0%         N/A       100%        7
 Monstrous Menagerie      Summ           0%         N/A       100%        7
 Orb of Destruction       Conj           0%         9d5       100%        7
 Ozocubu's Refrigeration  Ice            0%         4d7       100%        7
 Spellforged Servitor     Conj/Summ      0%         N/A       100%        7
 Summon Hydra             Summ           0%         N/A       100%        7
 Borgnjor's Revivificati  Necr           0%         N/A       100%        8
 Ignition                 Fire           0%         3d3       100%        8
 Lehudib's Crystal Spear  Conj/Erth      0%         10d2      100%        8
 Chain Lightning          Conj/Air       0%         N/A       100%        9
 Death's Door             Necr           0%         N/A       100%        9
 Fire Storm               Conj/Fire      0%         5d1       100%        9
 Polar Vortex             Ice            0%         N/A       100%        9
 Cigotuvi's Dreadful Rot  Necr/Pois/Air  Unusable   N/A       N/A         2
 Sublimation of Blood     Necr           Unusable   N/A       N/A         2

Dungeon Overview and Level Annotations

Branches:
Dungeon (15/15)            Temple (1/1) D:7            Lair (5/5) D:10
  Swamp (4/4) Lair:2       Spider (4/4) Lair:3        Slime (0/5) Lair:4
    Orc (2/2) D:12            Elf (3/3) Orc:2        Vaults (5/5) D:14
  Crypt (0/3) Vaults:3     Depths (4/4) D:15            Zot (5/5) Depths:4
 Bailey (visited)           IceCv (visited)         Gauntlet (visited)

Altars:
Ashenzari
Cheibriados
Dithmenos
Elyvilon
Fedhas
Gozag
Hepliaklqana
Kikubaaqudgha
Makhleb
Nemelex Xobeh
Okawaru
Qazlal
Ru
Sif Muna
Trog
Uskayaw
Vehumet
Wu Jian
Xom
Yredelemnul
Zin
The Shining One
Lugonu

Shops:
D:6 ***   D:9 *   D:10 !   D:11 =   D:13 *   Orc:1 !!=[?   Orc:2 (*=[
Elf:3 (?*:   Vaults:3 ?   Vaults:5 ???   Depths:2 *[!(!   Depths:4 [=

Portals:
Hell: Depths:1 Depths:2 Depths:3 Depths:4
Abyss: Lair:5 Depths:3
Pandemonium: Depths:2
Ziggurat: Depths:1

Annotations:
D:13 Urug
Lair:4 exclusion: 3 oklob plants
Swamp:2 2 transporters, exclusion: orange crystal statue
Elf:1 6 runed translucent doors


Innate Abilities, Weirdness & Mutations

You are immune to sickness and miasma.
Your stone body is resilient. (AC +20)
You are immune to poison.
Your large and strong wings let you fly.
You resist negative energy. (rN+)
You are resistant to electric shocks. (rElec)
You are resistant to unholy torment.
You are immune to petrification.
You have a pair of horns on your head.
You are frail. (-10% HP)
Your muscles are very strong. (Str +8, Int/Dex -2)
You are vulnerable to cold. (rC-)


Message History

You fly upwards.
There is a stone staircase leading down here.
What level of the Dungeon? (default 1, ? - help)
A shadow demon comes into view.
The shadow demon gives a loud, deep croak!
The shadow demon gestures.
You puncture the shadow demon! You headbutt the shadow demon.
The shadow demon is lightly wounded.
You perforate the shadow demon like a sieve!!!
You freeze the shadow demon.
The shadow demon is almost dead.
You block the shadow demon's attack.
An Orb Guardian comes into view.
You completely miss the shadow demon. You headbutt the shadow demon!
You kill the shadow demon!
Makhleb accepts your kill.
The frilled lizard dissolves into shadows!
You impale the Orb Guardian!! You freeze the Orb Guardian.
Your headbutt misses the Orb Guardian.
The Orb Guardian is moderately wounded.
You block the Orb Guardian's attack.
You impale the Orb Guardian!! You freeze the Orb Guardian!
The Orb Guardian is almost dead.
You block the Orb Guardian's attack.
You impale the Orb Guardian!! You freeze the Orb Guardian.
You kill the Orb Guardian!
Makhleb accepts your kill.
No target in view!
What level of the Dungeon? (default 1, ? - help)
Things that are here:
a +0 leather armour; a +0 club You see here a +0 club.
There is a stone staircase leading up here.
You fly upwards.
There is a stone staircase leading down here.
There is an open door here.
There is an open door here.
There is an open door here.
There is a staircase leading out of the dungeon here.
You have escaped!

## #.# #...... #########'#########
##.#... ### #.............)...#
#.###. ..#######.#.###########.#.#
#.# #.
........#.##.#.......#.##.####.# #.
......###.#.#.###'###.#.#.#....###.
.##...# #.#.#.#.....#.#.#.#...[....
)##...###.#.#.#.....#.#.#.###.#####
#...÷.+.'.#.#.+..@..+.#.#.'.'.#
#.###.###.#.#.#.....#.#.#.##### ..#
#.# #.#.#.#.....#.#.#.# ..#
#.###.#.#.###'###.#.#.# .##
#..##.##.#.......#.##.# ##
##.##.#.###########.#.#
#.##.....)...........#
#..#########'######### ##)..## #.#


There were no monsters in sight!

Vanquished Creatures
  Tiamat (Zot:2)
  4 dread liches
  2 ancient liches
  2 pandemonium lords
  6 orbs of fire (Zot:5)
  Mara (Vaults:2)
  The ghost of Dommouf the Slayer, a veteran OgBe of Trog (Zot:1)
  6 Killer Klowns (Zot:5)
  A curse toe (Zot:2)
  the Lernaean hydra (Swamp:4)
  14 golden dragons
  Norris (Vaults:1)
  Nikola (Spider:1)
  2 bone dragons (Depths:4)
  A Tzitzimitl (Depths:4)
  Jorgrun (D:12)
  2 electric golems (Zot:5)
  21 tentacled monstrosities
  Mlioglotl (Spider:4)
  A walking crystal tome (Depths:4)
  Zenata (Elf:2)
  The ghost of Fogaerej the Severer, an adept AtBe of Trog (Spider:2)
  8 liches
  2 Ice Fiends
  12 titans
  3 quicksilver dragons
  4 deep elf master archers (Elf:3)
  29 Orb Guardians
  2 walking frostbound tomes (Depths:2)
  5 deep elf blademasters
  7 death cobs (Zot:2)
  An acid blob (Zot:4)
  13 sphinxes
  Agnes (D:15)
  3 thorn hunters
  Gastronok (Lair:1)
  10 tengu reavers
  11 shadow dragons
  4 draconian monks
  A demonspawn warmonger (D:7)
  19 storm dragons
  8 emperor scorpions
  7 fire giants
  A rockslime (shapeshifter) (Elf:1)
  5 draconian knights
  11 deep elf sorcerers
  2 iron dragons (Vaults:5)
  A deep elf elementalist (Elf:3)
  18 vault wardens
  7 frost giants
  A balrug (D:7)
  5 draconian scorchers
  A ghost moth (shapeshifter) (Vaults:5)
  11 ghost moths
  3 draconian shifters
  A curse skull (Vaults:3)
  3 draconian stormcallers
  5 spriggan defenders
  4 orc warlords
  Louise (Elf:2)
  A caustic shrike zombie (Depths:2)
  2 draconian annihilators
  A cacodemon (D:7)
  12 very ugly things
  A ghoul (Vaults:3)
  4 war gargoyles
  6 ironbound thunderhulks
  A quicksilver ooze (Lair:5)
  A formless jellyfish (Vaults:4)
  18 ironbound preservers
  15 stone giants
  6 green draconians
  6 deep elf demonologists
  3 vampire knights
  A demonspawn blood saint (D:7)
  9 black draconians
  The ghost of XomNomNom the Spear-Bearer, a journeyman DsMo of Gozag (Elf:1)
  8 purple draconians
  12 spark wasps
  4 yellow draconians
  6 white draconians
  A bunyip (shapeshifter) (Elf:1)
  5 bunyips
  6 deep elf annihilators (Elf:3)
  Azrael (Elf:2)
  4 red draconians
  A minotaur (Gauntlet)
  11 dire elephants
  3 deep elf death magi (Elf:3)
  Snorg (Lair:3)
  17 ettins
  3 entropy weavers
  Josephine (D:12)
  5 deep elf high priests
  6 fire dragons
  9 ice dragons
  24 vault guards
  14 yaktaur captains
  21 hydras
  3 great orbs of eyes
  5 rakshasas (Depths:3)
  Erolcha (D:13)
  The ghost of CalledCrash the Basher, a journeyman HuWn of Wu Jian (Lair:1)
  5 ogre magi
  3 spriggan air magi
  A radroach (Spider:4)
  A jorogumo (Spider:2)
  4 peacekeepers
  An anaconda (shapeshifter) (Elf:1)
  15 boulder beetles
  A catoblepas (Lair:5)
  4 ghost crabs
  An ice dragon (shapeshifter) (D:14)
  10 alligators
  32 dancing weapons
  A two-headed ogre (shapeshifter) (D:14)
  14 centaur warriors
  A death knight (D:14)
  5 deep troll shamans
  6 death yaks (IceCv)
  14 two-headed ogres
  10 ironbound frosthearts
  7 deep troll earth magi
  An occultist (D:14)
  3 large abominations (Lair:5)
  3 thrashing horrors (Lair:5)
  5 tengu warriors
  A vampire mage (Vaults:3)
  7 demonic crawlers
  A sphinx skeleton (Depths:2)
  2 soul eaters (D:13)
  Sonja (Lair:3)
  13 deep elf knights
  2 sun demons
  9 hell knights
  5 iron trolls
  5 skysharks
  A wretched star (Gauntlet)
  4 skeletal warriors
  A fire crab (Lair:5)
  A fire crab (shapeshifter) (Vaults:5)
  3 pharaoh ants
  A sun moth (Spider:2)
  4 sixfirhies
  42 deep trolls
  A golden dragon zombie (Depths:2)
  A shadow demon (D:2)
  A spriggan druid (Swamp:4)
  A flayed ghost (Depths:2)
  3 goliath frogs
  13 swamp dragons
  8 orb spiders
  3 orc knights
  3 glowing orange brains
  16 ironbound convokers
  A golden dragon skeleton (Depths:2)
  2 phantasmal warriors (Vaults:5)
  12 lindwurms
  8 deep elf archers
  4 harpies (Vaults:1)
  10 bog bodies
  3 arcanists
  31 deep elf pyromancers
  15 wolf spiders
  3 necromancers (Depths:2)
  35 ugly things
  A will-o-the-wisp (Swamp:2)
  19 deep elf zephyrmancers
  3 steelbarb worms (Spider:1)
  4 orc sorcerers
  A tengu skeleton (Depths:2)
  2 wolf spiders (shapeshifter) (Elf:1)
  2 shining eyes (shapeshifter)
  An iron dragon skeleton (Depths:2)
  4 cyclopes
  3 manticores
  A worldbinder (Gauntlet)
  32 moths of wrath
  A water nymph (shapeshifter) (Elf:1)
  A toenail golem (Depths:4)
  2 rust devils
  23 vault sentinels
  3 black mambas
  8 elephants
  2 smoke demons
  4 torpor snails
  An orange demon (D:7)
  A gargoyle (D:10)
  2 ice statues
  Maggie (Lair:1)
  Psyche (D:9)
  6 cane toads
  A rime drake (shapeshifter) (Lair:5)
  A hellion (Zot:1)
  A komodo dragon (shapeshifter) (Elf:1)
  33 yaktaurs
  9 rime drakes
  2 freezing wraiths
  2 ice devils
  5 komodo dragons
  5 tengu conjurers
  3 yaktaurs (shapeshifter)
  A tormentor (D:9)
  A troll (shapeshifter) (Elf:1)
  8 trolls
  A wind drake (shapeshifter) (Vaults:5)
  A wolf spider simulacrum (D:15)
  6 meliai
  A hellwing (D:14)
  14 polar bears
  Prince Ribbit (D:9)
  20 tarantellas
  11 tyrant leeches
  14 hornets
  22 blink frogs
  A fire giant simulacrum (Depths:2)
  A raiju (Lair:5)
  4 glass eyes (Depths:2)
  A centaur simulacrum (D:14)
  17 jumping spiders
  43 slime creatures
  3 air elementals
  A shadow (D:10)
  7 water elementals
  25 culicivoras
  A culicivora (shapeshifter) (Vaults:5)
  Sigmund (D:2)
  7 wraiths
  10 spriggans
  3 ynoxinuls
  2 wyverns (Lair:1)
  A human (shapeshifter) (Elf:3)
  56 yaks
  10 basilisks
  3 fire elementals (Elf:2)
  A yak (shapeshifter) (Elf:1)
  66 redbacks
  8 chaos spawn
  4 steam dragons
  15 vampire mosquitoes
  5 neqoxecs
  2 wargs
  The ghost of pigah the Changeling, an amateur OpSh (D:3)
  A redback (shapeshifter) (Elf:1)
  22 swamp worms
  A glowing shapeshifter zombie (Depths:2)
  6 hell hounds (Elf:2)
  2 acid dragons
  19 water moccasins
  8 small abominations (Lair:5)
  9 black bears
  17 orc warriors
  8 swamp drakes
  An ice beast (D:6)
  22 wolves
  24 ogres
  9 boggarts
  5 centaurs
  11 bullfrogs
  A gnoll sergeant (D:11)
  An earth elemental (Elf:2)
  A scorpion (Lair:3)
  10 wights
  11 killer bees
  2 electric eels
  4 howler monkeys
  3 hounds
  13 orc priests
  5 jellies
  Crazy Yiuf (D:4)
  4 iguanas
  Terence (D:2)
  Natasha (thrice) (D:3)
  21 orc wizards
  12 gnolls
  9 adders
  A shadow imp (D:8)
  2 white imps
  2 ufetubi (D:7)
  2 worms
  88 orcs
  10 bats
  4 endoplasms
  5 giant cockroaches
  14 goblins
  4 hobgoblins
  3 jackals (D:1)
  6 kobolds
  5 quokkas
  5 ball pythons
  3 frilled lizards
  2 rats
2003 creatures vanquished.

Vanquished Creatures (others)
  4 draconian knights
  An ironbound preserver (Vaults:2)
  A vampire knight (Depths:2)
  An ice dragon (Depths:3)
  A dancing weapon (Elf:2)
  An occultist (Depths:3)
  5 deep elf knights
  A deep elf zephyrmancer (Elf:3)
  3 deep elf pyromancers
  A manticore (D:14)
  A polar bear (D:13)
  An air elemental (Elf:3)
  A small abomination (Zot:3)
  2 redbacks (Spider:1)
  4 orc wizards
  3 foxfires (Swamp:2)
31 creatures vanquished.

Grand Total: 2034 creatures vanquished

Notes
Turn   | Place    | Note
-------+----------+-------------------------------------------
     0 | D:1      | RepHenryClay the Gargoyle Fighter began the quest for the
                  | Orb.
     0 | D:1      | Reached XP level 1. HP: 14/14 MP: 1/1
   158 | D:1      | Reached XP level 2. HP: 19/19 MP: 2/2
   658 | D:1      | Reached XP level 3. HP: 23/23 MP: 3/3
   967 | D:2      | Reached XP level 4. HP: 28/28 MP: 4/4
  1288 | D:2      | Identified the +0 pair of gloves of the Worm {rF+}
  1430 | D:2      | Noticed Terence
  1441 | D:2      | Killed Terence
  1442 | D:2      | Reached skill level 4 in Armour
  1442 | D:2      | Reached XP level 5. HP: 25/32 MP: 5/5
  1587 | D:2      | Found a faded altar of an unknown god.
  1614 | D:2      | Noticed Sigmund
  1625 | D:3      | Found a snail-covered altar of Cheibriados.
  1770 | D:3      | Noticed Natasha
  1774 | D:3      | Killed Natasha
  1782 | D:3      | Reached skill level 5 in Maces & Flails
  1800 | D:3      | Noticed Natasha
  1808 | D:3      | Killed Natasha
  1912 | D:3      | Noticed Natasha
  1918 | D:3      | Killed Natasha
  1919 | D:3      | Reached XP level 6. HP: 37/37 MP: 6/6
  2610 | D:3      | Found a runed translucent gate.
  2611 | D:3      | Noticed pigah's ghost (amateur OpSh)
  2623 | D:3      | Found a runed translucent gate.
  2624 | D:3      | Found a runed translucent gate.
  3021 | D:4      | Reached skill level 5 in Armour
  3667 | D:4      | Found a runed translucent door.
  3668 | D:4      | Noticed Crazy Yiuf
  3703 | D:5      | Entered Level 5 of the Dungeon
  3717 | D:5      | Reached XP level 7. HP: 41/41 MP: 7/7
  4452 | D:6      | Reached skill level 6 in Armour
  4489 | D:6      | Reached XP level 8. HP: 37/46 MP: 8/8
  4707 | D:6      | Reached skill level 7 in Armour
  4712 | D:6      | Found Dakkan's General Store.
  4722 | D:6      | Bought a scroll of enchant weapon for 82 gold pieces
  4778 | D:6      | Reached skill level 8 in Armour
  5167 | D:6      | Reached skill level 9 in Armour
  5230 | D:6      | Found Guhadud's General Store.
  5235 | D:6      | Found Xaporgh's Specific Store.
  5243 | D:6      | Bought a scroll of identify for 28 gold pieces
  5243 | D:6      | Bought a scroll of teleportation for 42 gold pieces
  5243 | D:6      | Bought a scroll of identify for 28 gold pieces
  5613 | D:7      | Noticed a two-headed ogre
  5622 | D:7      | Killed a two-headed ogre
  5623 | D:7      | Reached skill level 10 in Armour
  5623 | D:7      | Reached XP level 9. HP: 30/51 MP: 9/9
  5779 | D:7      | Reached skill level 11 in Armour
  5925 | D:7      | Noticed a hornet
  5930 | D:7      | Found a flagged portal.
  5952 | Bailey   | Entered a bailey
  6028 | Bailey   | Noticed an orc knight
  6060 | Bailey   | Killed an orc knight
  6061 | Bailey   | Reached skill level 12 in Armour
  6276 | Bailey   | Identified the +0 plate armour "Zicsagur" {Int+3}
  6421 | Bailey   | Reached XP level 10. HP: 56/56 MP: 10/10
  6453 | Bailey   | Identified the +0 cloak of Quiso {-Tele Rampage Regen+
                  | Int+6}
  6502 | D:7      | Reached skill level 13 in Armour
  6608 | D:7      | Found a staircase to the Ecumenical Temple.
  6690 | Temple   | Entered the Ecumenical Temple
  6717 | Temple   | Became a worshipper of Makhleb the Destroyer
  6760 | D:7      | Found an opulent altar of Gozag.
  6763 | D:7      | Found a glowing silver altar of Zin.
  6765 | D:7      | Found a shimmering blue altar of Sif Muna.
  6765 | D:7      | Found a bloodstained altar of Trog.
  6766 | D:7      | Found a shadowy altar of Dithmenos.
  6768 | D:7      | Found a basalt altar of Yredelemnul.
  6768 | D:7      | Found an iron altar of Okawaru.
  7017 | D:7      | Reached skill level 14 in Armour
  7345 | D:7      | Found a staircase to the Ecumenical Temple.
  7508 | D:7      | Found an opulent altar of Gozag.
  7510 | D:7      | Found a glowing silver altar of Zin.
  7683 | D:7      | Found a shadowy altar of Dithmenos.
  7688 | D:7      | Found an iron altar of Okawaru.
  7688 | D:7      | Found a shimmering blue altar of Sif Muna.
  7688 | D:7      | Found a basalt altar of Yredelemnul.
  7692 | D:7      | Found a bloodstained altar of Trog.
  8095 | D:2      | Killed Sigmund
  8340 | D:3      | Killed pigah's ghost
  8509 | D:4      | Killed Crazy Yiuf
  8665 | D:8      | Reached skill level 5 in Fighting
  8694 | D:8      | Reached * piety under Makhleb
  8816 | D:8      | Reached skill level 1 in Throwing
  8968 | D:8      | Identified a scroll of acquirement
  8979 | D:8      | Acquired the +5 demon whip of the Slimy God {venom, rPois
                  | rCorr}
  9492 | D:8      | Found a stormy altar of Qazlal.
  9646 | D:9      | Noticed Prince Ribbit
  9655 | D:9      | Killed Prince Ribbit
  9656 | D:9      | Reached XP level 11. HP: 64/64 MP: 11/11
  9714 | D:9      | Found a sacrificial altar of Ru.
  9729 | D:9      | Reached skill level 10 in Maces & Flails
  9910 | D:9      | Found Udownaw's General Store.
  9930 | D:9      | Bought a scroll of identify for 24 gold pieces
  9947 | D:9      | Noticed Psyche
  9951 | D:9      | Killed Psyche
 10009 | D:9      | Found a hazy altar of Hepliaklqana.
 10440 | D:10     | Entered Level 10 of the Dungeon
 10440 | D:10     | Found a staircase to the Lair.
 10514 | D:10     | Noticed a two-headed ogre
 10525 | D:10     | Killed a two-headed ogre
 11036 | D:10     | Reached skill level 5 in Throwing
 11036 | D:10     | Reached XP level 12. HP: 70/75 MP: 12/12
 11134 | D:10     | Found Xeorat Zuwk's Distillery.
 11154 | D:10     | Bought a potion of lignification for 39 gold pieces
 11154 | D:10     | Bought a potion of mutation for 104 gold pieces
 11415 | D:10     | Found a broken altar of Ashenzari.
 11605 | D:10     | Reached ** piety under Makhleb
 11924 | D:14     | Identified the "Qioveehi"
 11924 | Lair:1   | Entered Level 1 of the Lair of Beasts
 11963 | Lair:1   | Found a transporter.
 11970 | Lair:1   | Noticed CalledCrash's ghost (journeyman HuWn)
 12012 | Lair:1   | Noticed a seven-headed hydra
 12038 | Lair:1   | Found a transporter.
 12059 | Lair:1   | Reached skill level 1 in Dodging
 12418 | Lair:1   | Noticed Maggie
 12439 | Lair:1   | Killed Maggie
 12440 | Lair:1   | Reached skill level 5 in Shields
 12527 | Lair:1   | Noticed Gastronok
 12534 | Lair:1   | Reached XP level 13. HP: 80/80 MP: 13/13
 12583 | Lair:1   | Killed Gastronok
 13005 | Lair:1   | Reached *** piety under Makhleb
 13478 | Lair:2   | Found a staircase to the Swamp.
 13498 | Lair:2   | Reached skill level 5 in Dodging
 14067 | Lair:2   | Reached skill level 10 in Fighting
 14092 | Lair:2   | You fall into a shaft and drop 1 floor!
 14100 | Lair:3   | Acquired the ring "Zeturche" {rF+ rC+ Str+3}
 14167 | Lair:3   | Reached skill level 15 in Armour
 14247 | Lair:3   | Identified the +5 robe of Limitation {rN++}
 14558 | Lair:3   | Found a hole to the Spider Nest.
 14788 | Lair:3   | Reached **** piety under Makhleb
 14831 | Lair:3   | Noticed Sonja
 14843 | Lair:3   | Killed Sonja
 14879 | Lair:3   | Noticed Snorg
 14902 | Lair:3   | Killed Snorg
 15645 | Lair:4   | Gained mutation: Your large and strong wings let you fly.
                  | [Gargoyle growth]
 15645 | Lair:4   | Reached XP level 14. HP: 70/88 MP: 14/14
 15783 | Lair:4   | Found a staircase to the Slime Pits.
 15866 | Lair:4   | Identified the +1 leather armour of the Volcano {rPois
                  | Will- Slay+6 Stlth+}
 15901 | Lair:4   | Reached skill level 16 in Armour
 16115 | Lair:5   | Entered Level 5 of the Lair of Beasts
 16432 | Lair:5   | Reached ***** piety under Makhleb
 16799 | Lair:5   | Reached skill level 17 in Armour
 16979 | Lair:5   | Found a corrupted altar of Lugonu.
 16979 | Lair:5   | Found a one-way gate to the infinite horrors of the Abyss.
 16984 | Lair:5   | Identified the ring "Veith" {rPois SInv}
 17188 | Lair:5   | Noticed a quicksilver ooze
 17204 | Lair:5   | Killed a quicksilver ooze
 17845 | D:11     | Found Xutzeof's Jewellery Shoppe.
 18868 | D:12     | Found a staircase to the Orcish Mines.
 19020 | D:12     | Reached skill level 18 in Armour
 19020 | D:12     | Reached XP level 15. HP: 97/97 MP: 15/15
 19278 | D:13     | Found Woklea's General Store.
 19287 | D:13     | Noticed Urug
 19288 | D:13     | Bought a scroll of revelation for 120 gold pieces
 19288 | D:13     | Bought a potion of heal wounds for 80 gold pieces
 19356 | D:13     | Reached XP level 16. HP: 93/103 MP: 16/16
 19411 | D:13     | Found a frozen archway.
 19507 | IceCv    | Entered an ice cave
 19767 | IceCv    | Reached skill level 19 in Armour
 19767 | IceCv    | Reached XP level 17. HP: 109/109 MP: 17/17
 19975 | IceCv    | Reached ****** piety under Makhleb
 20305 | D:13     | Reached skill level 15 in Maces & Flails
 20701 | D:13     | Noticed Erolcha
 20712 | D:13     | Killed Erolcha
 21008 | Orc:1    | Entered Level 1 of the Orcish Mines
 21016 | Orc:1    | Noticed Josephine
 21016 | Orc:1    | Noticed Jorgrun
 21132 | D:12     | Killed Josephine
 21179 | D:12     | Killed Jorgrun
 21367 | Orc:1    | Found Exzet's Jewellery Shop.
 21393 | Orc:1    | Found Orairop's Antique Armour Boutique.
 21466 | Orc:1    | Found Kazull's Magic Scroll Shoppe.
 21515 | Orc:1    | Bought a scroll of teleportation for 36 gold pieces
 21515 | Orc:1    | Bought a scroll of teleportation for 36 gold pieces
 21515 | Orc:1    | Bought a scroll of blinking for 90 gold pieces
 21515 | Orc:1    | Bought a scroll of fear for 48 gold pieces
 21588 | Orc:1    | Paralysed by an orc sorcerer for 2 turns
 21668 | Orc:1    | Found Xaig's Distillery.
 21677 | Orc:1    | Bought a potion of heal wounds for 70 gold pieces
 21677 | Orc:1    | Bought a potion of berserk rage for 70 gold pieces
 21821 | Orc:1    | Found Liaz's Distillery.
 21834 | Orc:1    | Bought a potion of heal wounds for 70 gold pieces
 21947 | Orc:2    | Entered Level 2 of the Orcish Mines
 21948 | Orc:2    | Found a staircase to the Elven Halls.
 22562 | Orc:2    | Reached skill level 10 in Shields
 22659 | Orc:2    | Found Oqeluigy's Jewellery Shoppe.
 22659 | Orc:2    | Found Naclann's Weapon Shop.
 22659 | Orc:2    | Found Widehu's Antique Armour Boutique.
 22659 | Orc:2    | Found Juschethree's General Store.
 22675 | Orc:2    | Bought a potion of heal wounds for 65 gold pieces
 22675 | Orc:2    | Bought a scroll of brand weapon for 123 gold pieces
 22788 | Orc:1    | Bought a scroll of enchant weapon for 90 gold pieces
 22970 | Lair:1   | Killed CalledCrash's ghost
 23177 | D:14     | Gained mutation: Your body sometimes deteriorates upon
                  | taking damage. [a neqoxec]
 23191 | D:14     | Gained mutation: You are vulnerable to heat. (rF-) [a
                  | neqoxec]
 23201 | D:13     | Lost mutation: You are vulnerable to heat. (rF-) [potion of
                  | mutation]
 23201 | D:13     | Lost mutation: Your body sometimes deteriorates upon taking
                  | damage. [potion of mutation]
 23201 | D:13     | Gained mutation: You have a pair of small horns on your
                  | head. [potion of mutation]
 23850 | D:14     | Reached XP level 18. HP: 115/115 MP: 18/18
 24056 | D:14     | Found a gate to the Vaults.
 24926 | D:15     | Entered Level 15 of the Dungeon
 24979 | D:15     | Found a gate leading to a gauntlet.
 24993 | Gauntlet | Entered a Gauntlet
 24993 | Gauntlet | Found a transporter.
 24993 | Gauntlet | Found a large runed translucent door.
 24993 | Gauntlet | Found a large runed translucent door.
 24993 | Gauntlet | Found a large runed translucent door.
 24993 | Gauntlet | Found a large runed translucent door.
 24993 | Gauntlet | Found a runed translucent door.
 24993 | Gauntlet | Found a runed translucent door.
 24993 | Gauntlet | Found a large runed translucent door.
 24993 | Gauntlet | Found a large runed translucent door.
 24993 | Gauntlet | Found a large runed translucent door.
 24993 | Gauntlet | Found a large runed translucent door.
 24993 | Gauntlet | Found a large runed translucent door.
 24993 | Gauntlet | Found a large runed translucent door.
 24994 | Gauntlet | Found a large runed translucent door.
 24994 | Gauntlet | Found a large runed translucent door.
 25002 | Gauntlet | Found a transporter.
 25017 | Gauntlet | Found a transporter.
 25022 | Gauntlet | Found a transporter.
 25037 | Gauntlet | Found a transporter.
 25056 | Gauntlet | Found a transporter.
 25068 | Gauntlet | Found a transporter.
 25080 | Gauntlet | Found a transporter.
 25092 | Gauntlet | Found a transporter.
 25104 | Gauntlet | Found a transporter.
 25121 | Gauntlet | Found a transporter.
 25121 | Gauntlet | Found a transporter.
 25161 | Gauntlet | Found a transporter.
 25254 | Gauntlet | Found a transporter.
 25272 | Gauntlet | Found a large runed translucent door.
 25273 | Gauntlet | Found a large runed translucent door.
 25277 | Gauntlet | Found a runed translucent gate.
 25277 | Gauntlet | Found a runed translucent gate.
 25277 | Gauntlet | Found a runed translucent gate.
 25279 | Gauntlet | Found a transporter.
 25281 | Gauntlet | Found a transporter.
 25287 | Gauntlet | Found a large runed translucent door.
 25288 | Gauntlet | Found a large runed translucent door.
 25325 | Gauntlet | Found a transporter.
 25416 | Gauntlet | Identified the +0 pair of boots "Difec" {rPois rF- Slay+4}
 25440 | Gauntlet | Identified the ring of Dasai {rF+ Int-4 Dex+4}
 25440 | Gauntlet | Identified the +4 spear "Liubb" {protect, rElec rPois rCorr
                  | Int-2}
 25913 | D:15     | Found a staircase to the Depths.
 26016 | D:15     | Reached skill level 15 in Shields
 26085 | D:15     | Noticed Agnes
 26102 | D:15     | Killed Agnes
 26533 | Spider:1 | Entered Level 1 of the Spider Nest
 26754 | Spider:1 | Noticed Nikola
 26914 | Spider:1 | Killed Nikola
 27251 | Spider:1 | Reached skill level 1 in Invocations
 28147 | Spider:2 | Reached skill level 5 in Invocations
 28431 | Spider:2 | Noticed Fogaerej's ghost (adept AtBe)
 28444 | Spider:2 | Found a runed translucent door.
 28495 | Spider:2 | Killed Fogaerej's ghost
 28593 | Spider:3 | Identified the "Meni"
 28836 | Spider:3 | Reached XP level 19. HP: 120/120 MP: 24/24
 29500 | Spider:4 | Entered Level 4 of the Spider Nest
 29542 | Spider:4 | Identified the +5 spear of Perixam {elec, rF- rC+ rN+}
 29700 | Spider:4 | Reached skill level 10 in Invocations
 30147 | Spider:4 | Noticed Mlioglotl
 30159 | Spider:4 | Killed Mlioglotl
 30629 | Spider:4 | Identified the +2 pair of gloves of the Chimera {-Cast
                  | Str+2 Stlth+}
 30750 | Spider:4 | Got a gossamer rune of Zot
 30920 | Swamp:1  | Entered Level 1 of the Swamp
 31488 | Swamp:2  | Identified the "Xealimp"
 31493 | Swamp:2  | Found a transporter.
 31493 | Swamp:2  | Found a transporter.
 31532 | Swamp:2  | Noticed a tentacled monstrosity
 31671 | Swamp:2  | Acquired the ring of Tokizy {rElec rCorr Int+6 Dex+2}
 31835 | Swamp:2  | Reached skill level 20 in Armour
 32240 | Swamp:3  | Identified the +11 trident "Syowiepi" {venom, Int+3}
 32590 | Swamp:4  | Entered Level 4 of the Swamp
 32651 | Swamp:4  | Reached XP level 20. HP: 73/128 MP: 28/28
 33189 | Swamp:4  | Reached skill level 15 in Fighting
 33236 | Swamp:4  | Noticed the 27-headed Lernaean hydra
 33243 | Swamp:4  | Killed the 27-headed Lernaean hydra
 33442 | Swamp:4  | Got a decaying rune of Zot
 33860 | Vaults:1 | Entered Level 1 of the Vaults
 34621 | Vaults:1 | Noticed Norris
 34646 | Vaults:1 | Killed Norris
 35047 | Vaults:2 | Reached XP level 21. HP: 134/136 MP: 30/30
 35106 | Vaults:2 | Reached skill level 21 in Armour
 35538 | Vaults:2 | Noticed Mara
 35539 | Vaults:2 | Noticed RepHenryClay's illusion
 35576 | Vaults:2 | Killed Mara
 36880 | Vaults:3 | Found Minuad's Magic Scroll Shoppe.
 36889 | Vaults:3 | Bought a scroll of blinking for 127 gold pieces
 36889 | Vaults:3 | Bought a scroll of teleportation for 51 gold pieces
 36889 | Vaults:3 | Bought a scroll of teleportation for 51 gold pieces
 36923 | Vaults:3 | Found a staircase to the Crypt.
 38146 | Vaults:4 | Reached XP level 22. HP: 126/144 MP: 32/32
 39151 | Vaults:5 | Identified the "Qyrchead"
 39151 | Vaults:5 | Entered Level 5 of the Vaults
 39205 | Vaults:5 | Reached skill level 22 in Armour
 39245 | Vaults:5 | Reached skill level 15 in Invocations
 39260 | Vaults:5 | Noticed a dread lich
 39279 | Vaults:5 | Killed a dread lich
 39338 | Vaults:5 | Found Usteanuq's Magic Scroll Shoppe.
 39535 | Vaults:5 | Got a silver rune of Zot
 39612 | Vaults:5 | Paralysed by a sphinx for 4 turns
 40064 | Vaults:5 | Noticed a golden dragon
 40089 | Vaults:5 | Killed a golden dragon
 40250 | Vaults:5 | Reached XP level 23. HP: 152/152 MP: 34/34
 40296 | Vaults:5 | Noticed a golden dragon
 40325 | Vaults:5 | Killed a golden dragon
 40453 | Vaults:5 | Found Arop's Magic Scroll Boutique.
 40453 | Vaults:5 | Found Taenaz's Magic Scroll Shoppe.
 40458 | Vaults:5 | Bought a scroll of teleportation for 60 gold pieces
 40458 | Vaults:5 | Bought a scroll of blinking for 150 gold pieces
 40458 | Vaults:5 | Bought a scroll of teleportation for 60 gold pieces
 40458 | Vaults:5 | Bought a scroll of blinking for 150 gold pieces
 40465 | Vaults:5 | Bought a scroll of teleportation for 51 gold pieces
 40465 | Vaults:5 | Bought a scroll of blinking for 127 gold pieces
 40465 | Vaults:5 | Bought a scroll of enchant armour for 127 gold pieces
 41545 | Depths:2 | Identified the "Vuzecam"
 41545 | Depths:3 | Identified the "Liopt"
 41545 | Elf:1    | Entered Level 1 of the Elven Halls
 41834 | Elf:1    | Found a runed translucent gate.
 41834 | Elf:1    | Found a runed translucent gate.
 41834 | Elf:1    | Found a runed translucent gate.
 41834 | Elf:1    | Found a runed translucent gate.
 41834 | Elf:1    | Found a runed translucent gate.
 41836 | Elf:1    | Found a runed translucent gate.
 41956 | Elf:1    | Found a transporter.
 41959 | Elf:1    | Noticed XomNomNom's ghost (journeyman DsMo)
 42023 | Elf:1    | Found a transporter.
 42393 | Elf:1    | Noticed a golden dragon
 42394 | Elf:1    | a golden dragon changed into a shard shrike
 42394 | Elf:1    | Noticed a shard shrike (glowing shapeshifter)
 42407 | Elf:1    | a shard shrike changed into a juggernaut
 42407 | Elf:1    | Noticed a juggernaut (glowing shapeshifter)
 42411 | Elf:1    | a juggernaut changed into a rockslime
 42420 | Elf:1    | a rockslime changed into a shard shrike
 42420 | Elf:1    | Noticed a shard shrike (glowing shapeshifter)
 42424 | Elf:1    | a shard shrike changed into a rockslime
 42446 | Elf:1    | Killed XomNomNom's ghost
 42703 | Elf:1    | Reached skill level 23 in Armour
 42704 | Elf:1    | Identified the +1 helmet of Amunor {-Tele Rampage Int+7}
 42705 | Elf:1    | Identified the +3 pair of gloves of Dishonesty {Str+4}
 42862 | Elf:2    | Identified the +8 plate armour "Ituipt" {Contam Str+5
                  | Int+2}
 42946 | Elf:2    | Paralysed by an air elemental for 1 turns
 43028 | Elf:2    | Found a runed translucent gate.
 43028 | Elf:2    | Found a runed translucent gate.
 43036 | Elf:2    | Found a runed translucent gate.
 43188 | Elf:2    | Noticed Azrael
 43217 | Elf:2    | Killed Azrael
 43514 | Elf:2    | Noticed Zenata
 43928 | Elf:2    | Noticed Louise
 43955 | Elf:2    | Killed Louise
 44847 | Elf:2    | Killed Zenata
 45153 | Elf:3    | Identified the "Ikhuah"
 45153 | Elf:3    | Identified the "Daxis Emi"
 45153 | Elf:3    | Entered Level 3 of the Elven Halls
 45189 | Elf:3    | Reached XP level 24. HP: 160/160 MP: 35/35
 45228 | Elf:3    | Found Iweyxil's Book Shoppe.
 45230 | Elf:3    | Gained mutation: You occasionally lose the ability to drink
                  | potions when taking damage. [a shining eye]
 45379 | Elf:3    | Paralysed by an air elemental for 1 turns
 45436 | Elf:3    | Found Lekheoke's Magic Scroll Emporium.
 45437 | Elf:3    | Paralysed by an air elemental for 1 turns
 45442 | Elf:3    | Paralysed by an air elemental for 1 turns
 45531 | Elf:3    | Bought a scroll of blinking for 105 gold pieces
 45531 | Elf:3    | Bought a scroll of blinking for 105 gold pieces
 45610 | Elf:3    | Found Woysubaw's Assorted Antiques.
 46009 | Elf:3    | Identified the +5 ring mail "Keptinna" {Rampage rF- rC+
                  | Str+5}
 46009 | Elf:3    | Identified the ring "Diol" {rElec EV+5 Str+7 Dex-4}
 46060 | Elf:3    | Reached skill level 10 in Dodging
 46083 | Elf:3    | Identified the staff of Perversion {rPois rCorr Int-5
                  | Earth}
 46095 | Elf:3    | Identified the +8 orcbow "Pojol" {drain, rPois}
 46098 | Elf:3    | Identified the +0 pair of boots of Mosokhlyu {Will+ rCorr
                  | Int+3}
 46113 | Elf:3    | Identified the +6 hand axe "Wiref" {heavy, *Rage rElec
                  | rPois}
 46241 | Elf:3    | Found Egrisif's Antique Weapon Shop.
 46246 | Elf:3    | Bought a slimy great mace for 345 gold pieces
 46246 | Elf:3    | Identified the +8 great mace "Pabiopok" {heavy, rCorr
                  | Str+3} (You bought it in a shop on level 3 of the Elven
                  | Halls)
 46528 | Depths:1 | Entered Level 1 of the Depths
 46556 | Depths:1 | Found a gateway to Hell.
 46562 | Depths:1 | Found an ornate altar of the Wu Jian Council.
 46570 | Depths:1 | Found a portal to a secret trove of treasure.
 46600 | Depths:1 | You paid a toll of 5 scrolls of fog to enter a treasure
                  | trove
 46601 | Trove    | Entered a treasure trove
 46606 | Trove    | Found the +3 hat of Pondering {ponderous, Will+ MP+10
                  | Int+5}
 46611 | Trove    | Identified the +1 hat of the Amorous God {rC+ Slay+2}
 46629 | Trove    | Identified the ring "Potios" {Ice rElec rN+ Will+}
 46631 | Trove    | Identified the +2 pair of gloves "Ohagaqih" {Rampage
                  | *Corrode rElec Int+2}
 46633 | Trove    | Identified the +4 quarterstaff of Wipn {speed, rC+}
 46728 | Depths:1 | Found a one-way gateway to a ziggurat.
 46945 | Depths:1 | Found a shimmering altar of Xom.
 46947 | Depths:1 | Found a glowing silver altar of Zin.
 46947 | Depths:1 | Found a stormy altar of Qazlal.
 46980 | Depths:1 | Found a bloodstained altar of Trog.
 46980 | Depths:1 | Found a glowing silver altar of Zin.
 46980 | Depths:1 | Found a stormy altar of Qazlal.
 47019 | Depths:1 | Identified the +10 broad axe "Secret Weapon" {elec, MP-9
                  | Int+4 Dex+2 Stlth+}
 47253 | Depths:2 | Found a one-way gate leading to the halls of Pandemonium.
 47599 | Depths:2 | Identified the +3 arbalest "Dazis" {elec, rElec rF+ Dex-2
                  | SInv}
 47735 | Depths:2 | Found Potilaet's Antique Armour Shop.
 47735 | Depths:2 | Found Qossope's Assorted Antiques.
 47737 | Depths:2 | Found Ekaniypn's Distillery.
 47739 | Depths:2 | Found Jatriad's Distillery.
 47739 | Depths:2 | Found Esawoif's Antique Weapon Emporium.
 47745 | Depths:2 | Bought a potion of might for 40 gold pieces
 47745 | Depths:2 | Bought a potion of might for 40 gold pieces
 47745 | Depths:2 | Bought a potion of might for 40 gold pieces
 47745 | Depths:2 | Bought a potion of might for 40 gold pieces
 47747 | Depths:2 | Bought 2 potions of might for 152 gold pieces
 47768 | Depths:2 | Bought a faintly glowing broad axe for 324 gold pieces
 47768 | Depths:2 | Identified the +2 broad axe "Dragonslayer" {spect, rPois
                  | rF+ Int-5} (You bought it in a shop on level 2 of the
                  | Depths)
 48305 | Depths:3 | Reached skill level 24 in Armour
 48596 | Depths:3 | Reached XP level 25. HP: 168/168 MP: 36/36
 49324 | Depths:3 | Identified the +2 leather armour of Wariness {Rampage SInv}
 49333 | Depths:3 | Identified the +2 spear of the Usurping Wolf {elec, Int+2}
 49338 | Depths:3 | Identified the +3 morningstar of Infinity {heavy, Int+3}
 49548 | Depths:3 | Found the +2 pair of slick slippers {slick, slippery, EV+4}
 49550 | Depths:3 | Identified the +1 leather armour of Huics {Drain rPois
                  | Str+6}
 49678 | Depths:3 | Identified the +1 flail of Descent {venom, Drain Str+3
                  | Int+2}
 49990 | Depths:4 | Entered Level 4 of the Depths
 50205 | Depths:4 | Found a gate to the Realm of Zot.
 50497 | Depths:4 | Found Dinye's Jewellery Shoppe.
 50497 | Depths:4 | Found Entonka's Armour Emporium.
 50961 | Zot:1    | Entered Level 1 of the Realm of Zot
 51179 | Zot:1    | Found a runed translucent gate.
 51179 | Zot:1    | Found a runed translucent gate.
 51179 | Zot:1    | Found a runed translucent gate.
 52045 | Zot:1    | Noticed Dommouf's ghost (veteran OgBe)
 52087 | Zot:1    | Killed Dommouf's ghost
 52094 | Zot:1    | Identified the amulet of Cuukleq {RegenMP Harm +Inv Will-}
 52305 | Zot:2    | Reached XP level 26. HP: 128/177 MP: 36/36
 53355 | Zot:3    | Found the +4 dragonskin cloak
 53355 | Zot:3    | Noticed Tiamat
 53365 | Zot:2    | Reached skill level 25 in Armour
 53504 | Zot:3    | HP: 1/177 [Tiamat/+5 glaive of venom (35)]
 53946 | Zot:3    | Noticed an ancient lich
 54309 | Zot:2    | Killed Tiamat
 54410 | Zot:2    | Killed an ancient lich
 55214 | Zot:2    | Learned a level 2 spell: Lesser Beckoning
 56147 | Zot:4    | Identified the staff of Imminent Death {rElec rC+ Dex+4
                  | Conj}
 56379 | Zot:4    | Noticed a Killer Klown
 56388 | Zot:4    | a Killer Klown changed into an acid blob
 57065 | Zot:5    | Entered Level 5 of the Realm of Zot
 57348 | Zot:5    | Noticed a Killer Klown
 57348 | Zot:5    | Noticed a Killer Klown
 57348 | Zot:5    | Noticed a dread lich
 57348 | Zot:5    | Noticed an orb of fire
 57348 | Zot:5    | Noticed an orb of fire
 57348 | Zot:5    | Noticed a Killer Klown
 57351 | Zot:5    | Noticed an orb of fire
 57351 | Zot:5    | Noticed an orb of fire
 57351 | Zot:5    | Noticed a Killer Klown
 57351 | Zot:5    | Noticed an orb of fire
 57351 | Zot:5    | Noticed a Killer Klown
 57351 | Zot:5    | Noticed an orb of fire
 57352 | Zot:5    | Noticed a dread lich
 57353 | Zot:5    | Gained mutation: You are frail. (-10% HP) [mutagenic glow]
 57636 | Zot:5    | Reached XP level 27. HP: 165/165 MP: 37/37
 57699 | Zot:5    | Gained mutation: You sometimes lose your temper in combat.
                  | [an orb of fire]
 57700 | Zot:5    | Gained mutation: You are very frail. (-20% HP) [an orb of
                  | fire]
 57701 | Zot:5    | Noticed an ancient lich
 57701 | Zot:5    | Lost mutation: You sometimes lose your temper in combat.
                  | [an orb of fire]
 57709 | Zot:5    | Killed an orb of fire
 57712 | Zot:5    | Killed an ancient lich
 57715 | Zot:5    | Noticed a dread lich
 57723 | Zot:5    | Gained mutation: You are clumsy. (Dex -2) [an orb of fire]
 57726 | Zot:5    | Killed an orb of fire
 57737 | Zot:5    | Gained mutation: You are vulnerable to heat. (rF-) [an orb
                  | of fire]
 57739 | Zot:5    | Killed an orb of fire
 57753 | Zot:5    | Killed a dread lich
 57951 | Zot:5    | Gained mutation: Your spells are a little easier to cast,
                  | but a little less powerful. [an orb of fire]
 57962 | Zot:5    | Killed an orb of fire
 57969 | Zot:5    | Killed an orb of fire
 58340 | Zot:5    | Reached skill level 26 in Armour
 58425 | Zot:5    | Gained mutation: Your body sometimes deteriorates upon
                  | taking damage. [an orb of fire]
 58434 | Zot:5    | Gained mutation: You occasionally lose the ability to read
                  | scrolls when taking damage. [an orb of fire]
 58436 | Zot:5    | Killed an orb of fire
 58453 | Zot:5    | Killed a dread lich
 58464 | Zot:5    | Killed a dread lich
 60574 | Zot:5    | Lost mutation: Your body sometimes deteriorates upon taking
                  | damage. [potion of mutation]
 60574 | Zot:5    | Lost mutation: You occasionally lose the ability to drink
                  | potions when taking damage. [potion of mutation]
 60575 | Zot:5    | Lost mutation: Your spells are a little easier to cast, but
                  | a little less powerful. [potion of mutation]
 60575 | Zot:5    | Lost mutation: You are clumsy. (Dex -2) [potion of
                  | mutation]
 60575 | Zot:5    | Lost mutation: You occasionally lose the ability to read
                  | scrolls when taking damage. [potion of mutation]
 60575 | Zot:5    | Gained mutation: Your muscles are strong. (Str +4, Int/Dex
                  | -1) [potion of mutation]
 60576 | Zot:5    | Lost mutation: You are vulnerable to heat. (rF-) [potion of
                  | mutation]
 60576 | Zot:5    | Lost mutation: You have a pair of small horns on your head.
                  | [potion of mutation]
 60576 | Zot:5    | Lost mutation: You are very frail. (-20% HP) [potion of
                  | mutation]
 60576 | Zot:5    | Gained mutation: You have a pair of small horns on your
                  | head. [potion of mutation]
 60576 | Zot:5    | Gained mutation: Your mind is acute. (Int +4, Str/Dex -1)
                  | [potion of mutation]
 60576 | Zot:5    | Gained mutation: You are partially covered in iridescent
                  | scales. (AC +2) [potion of mutation]
 60577 | Zot:5    | Lost mutation: Your mind is acute. (Int +4, Str/Dex -1)
                  | [potion of mutation]
 60577 | Zot:5    | Lost mutation: You are partially covered in iridescent
                  | scales. (AC +2) [potion of mutation]
 60577 | Zot:5    | Gained mutation: Your muscles are very strong. (Str +8,
                  | Int/Dex -2) [potion of mutation]
 60577 | Zot:5    | Gained mutation: You have a pair of horns on your head.
                  | [potion of mutation]
 60646 | Zot:5    | Got the Orb of Zot
 60709 | Zot:3    | Noticed Qaate the pandemonium lord
 60718 | Zot:3    | Killed Qaate the pandemonium lord
 60837 | Depths:4 | Noticed Ophi the pandemonium lord
 60858 | Depths:4 | Killed Ophi the pandemonium lord
 61227 | D:7      | Gained mutation: You are vulnerable to cold. (rC-) [a
                  | cacodemon]
 61416 | D:$      | Escaped with the Orb!

Illustrated notes

Levels and vault maps discovered:
D:1:      matt_arrival_los_fun, layout_basic, minmay_tetromino_o2
D:2:      layout_loops_ring, dreamdust_ecumenical_altar_hidden_monk_grotto,
          minmay_quantized, uniq_terence, uniq_sigmund
D:3:      layout_basic, amcnicky_altar_gilded, biasface_ghost_orc_armoury,
          uniq_natasha
D:4:      layout_loops_ring, uniq_crazy_yiuf_cottage
D:5:      layout_basic, minmay_misc_feat_cross
D:6:      layout_basic, serial_shops, nicolae_shop_tiny_glass,
          nicolae_specific_store, fountainhead
D:7:      layout_loops_cross, grunt_temple_overflow_open,
          minmay_temple_entry_junction, enter_bailey_3, minmay_circle_x
D:8:      layout_basic, general_overflow_altar, grunt_ministairs_13
D:9:      layout_roguey, nicolae_hepliaklqana_hazy_memory,
          mainiacjoe_overflow_brackets, serial_shops, nicolae_shop_tiny_glass,
          uniq_psyche, uniq_prince_ribbit1
D:10:     layout_grid_maze, ashenzari_altar_1, lair_entry_dummy, serial_shops,
          nicolae_shop_peninsula
D:11:     layout_long_grid, serial_shops, nicolae_shop_tiny_waterfront
D:12:     layout_loops_ring, orc_0_dummy
D:13:     layout_irregular_city, serial_shops, nicolae_shop_tiny_glass,
          portal_ice_cave_entry_animals_and_master, uniq_erolcha, uniq_urug
D:14:     kennysheep_water_balloons, layout_irregular_city, erik_vaults_1,
          serial_demonic, serial_demonic_f, serial_demonic_a, serial_demonic_f,
          serial_demonic_g, hangedman_glass_teeth, minmay_joined_circles
D:15:     grunt_enter_depths_snipers, layout_irregular_city,
          hangedman_decor_diamond_cutter, gauntlet_entry_generic, uniq_agnes
Temple:   dpeg_chambers_temple
Lair:1:   beast_lair_carwin_large_1, layout_cave_pods, gammafunk_ghost_arena,
          minmay_hedge_maze, uniq_gastronok, uniq_maggie
Lair:2:   layout_cave_pods, minmay_swamp_entry_reptiles
Lair:3:   layout_chaotic_city, nicolae_spider_entry_lesser_pyramids,
          st_stairs_13, uniq_snorg, uniq_sonja
Lair:4:   layout_gridlike, slime_entry_1, dpeg_oklob_1
Lair:5:   hellmonk_lair_end_abyssal_woods, layout_misc_corridors,
          pdpol_lair_neglected_garden, nicolae_lair_time_for_slime,
          infiniplex_staircase_pool_2
Swamp:1:  layout_basic_swamp, hangedman_swamp_lotus, hangedman_swamp_wriggling
Swamp:2:  gammafunk_sealed_arena, layout_basic_swamp,
          evilmike_swamp_ruin_rubble_2
Swamp:3:  layout_basic_swamp, evilmike_swamp_ruin_house_6
Swamp:4:  grunt_swamp_rune_castle, layout_basic_swamp
Spider:1: layout_spider_delve, uniq_nikola
Spider:2: layout_spider_delve, hellmonk_ghost_happy_afterlife,
          nicolae_spider_circle_web
Spider:3: layout_spider_delve
Spider:4: spider_rune_water, drop_trap, uniq_mlioglotl
Orc:1:    layout_caves, serial_shops, nicolae_shop_just_a_little_nook, shop,
          shop, nicolae_shop_industrial_runoff, shop, uniq_jorgrun,
          uniq_josephine
Orc:2:    st_orc_ogre_mass, layout_caves
Elf:1:    minmay_elf_arrival_plus, layout_gridlike,
          gammafunk_ghost_berserking_beasts, orc_legates, st_stairs_10
Elf:2:    nicolae_elf_blades_splatter_lattice [nicolae_blade_entry_pointy_end],
          layout_geoelf_octagon, uniq_zenata, uniq_azrael, uniq_louise
Elf:3:    minmay_elf_hall_statues, layout_geoelf_octagon, serial_shops, shop,
          nicolae_shop_rolling_square, shop, shop, nicolae_elf_v_pinch
Vaults:1: ontoclasm_vaults_chip, nicolae_vaults_tangram_1,
          nicolae_vaults_little_squares_6, vaults_dpeg_diagonal,
          nicolae_vaults_door_testing_chamber, ontoclasm_vaults_eye,
          nicolae_vaults_storage_closets_2, vaults_dpeg_encased_lava,
          vaults_room_pool, layout_vaults_big_room, uniq_norris
Vaults:2: nicolae_vaults_little_squares_1, nicolae_vaults_offset_grid_hallway_4,
          vaults_mumra_chevron, nicolae_vaults_more_shelving_1, v_pattern_3,
          vaults_room_fancy_cross, vaults_room_octagon, v_rooms_2,
          grunt_vaults_bifocal, nicolae_vaults_alarming, ontoclasm_vaults_twist,
          grunt_vaults_swirl, nicolae_vaults_diagonal_hallway_8,
          nicolae_vaults_stepped_doors, vaults_dpeg_ring, vaults_dpeg_hooks,
          layout_vaults_maze_snakey, uniq_mara
Vaults:3: hangedman_vaults_stretched_pinwheel, nicolae_vaults_twisting_passages,
          minmay_crypt_entry_simple_sparse, nicolae_vaults_minivaults,
          nicolae_vaults_circle_grid_b, hangedman_vaults_stagger,
          nicolae_vaults_storage_room_glass,
          nicolae_vaults_trapezoid_lopsided_3, layout_vaults_omnigrid,
          serial_shops, shop
Vaults:4: nicolae_vaults_tetromino_Z_1, v_misc_13,
          nicolae_vaults_closet_pinwheel_5, v_misc_12,
          nicolae_vaults_trapezoid_4, nicolae_vaults_closet_pinwheel_1,
          vaults_dpeg_cross, hangedman_vaults_snaps,
          nicolae_vaults_shelves_hall, dpeg_vaults_monster_row,
          nicolae_vaults_six-pack, nicolae_vaults_tetromino_Z_2,
          layout_vaults_big_cross
Vaults:5
Depths:1: layout_gridlike, enter_ziggurat_e, nzn_wu_jian_council_hall,
          hell_entry, enter_trove_1, doesnt_xom_only_xom
Depths:2: minmay_inside_and_out, layout_gridville, grunt_hell_entry_dis_old,
          chequers_serial_rivers_micro_a, pan_entry, nicolae_wooded_promenade,
          minmay_staircase_windowed_large
Depths:3: minmay_the_grid_square_5x5_5x5 [minmay_the_grid_square_5x5_three,
          minmay_the_grid_square_5x5_checkered_statues,
          minmay_the_grid_square_5x5_bridge, minmay_the_grid_square_5x5_two,
          minmay_the_grid_square_5x5_inverted_slash,
          minmay_the_grid_square_5x5_meh,
          minmay_the_grid_square_5x5_prize_waves,
          minmay_the_grid_square_5x5_three_walls,
          minmay_the_grid_square_5x5_prize_monsterx,
          minmay_the_grid_square_5x5_bracketed,
          minmay_the_grid_square_5x5_broken_cross,
          minmay_the_grid_square_5x5_tri_point,
          minmay_the_grid_square_5x5_prize_junk,
          minmay_the_grid_square_5x5_almost_minimal,
          minmay_the_grid_square_5x5_inner_v,
          minmay_the_grid_square_5x5_pentomino_r,
          minmay_the_grid_square_5x5_prize_pseudospiral,
          minmay_the_grid_square_5x5_slash,
          minmay_the_grid_square_5x5_prize_deathbox,
          minmay_the_grid_square_5x5_percent,
          minmay_the_grid_square_5x5_doubleslash,
          minmay_the_grid_square_5x5_two_small,
          minmay_the_grid_square_5x5_six_small,
          minmay_the_grid_square_5x5_one_wall,
          minmay_the_grid_square_5x5_minivault], layout_cave_pools,
          serial_rivers, chequers_serial_rivers_small_b,
          chequers_serial_rivers_micro_b, chequers_serial_rivers_small_a,
          chequers_serial_rivers_room_a, chequers_serial_rivers_room_b,
          chequers_serial_rivers_room_b, abyss_entry, hell_entry
Depths:4: grunt_zot_entry_bicorn, layout_basic, hangedman_geh_valley,
          minmay_shoptagon
Zot:1:    layout_misc_corridors, ebering_ghost_rock_garden,
          regret_index_zotdec_decaying_basic, grunt_ministairs_1,
          guppyfry_library_mini
Zot:2:    layout_basic, hangedman_zot_decor_slant, grunt_ministairs_5
Zot:3:    hellmonk_crystal_mountain, layout_onion_interference, zot_minivault_5,
          uniq_tiamat
Zot:4:    layout_concentric_octagons, regret_index_zotdec_dark_gr
Zot:5:    layout_twisted_circle, grunt_megastairs_4

Skill      XL: |  1  2  3  4  5  6  7  8  9 10 11 12 13 14 15 16 17 18 19 20 21 22 23 24 25 26 27 |
---------------+----------------------------------------------------------------------------------+-----
Maces & Flails | 3 4 5 6 7 8 9 12 14 16 | 16.0
Armour         | 4 5 6 10 12 14 15 18 19 20 21 22 23 24 25 26 | 26.3
Fighting       | 5 8 9 10 12 13 14 15 17 18 19 20 21 22 23 | 23.0
Throwing       | 1 5 8 |  8.0
Dodging        | 2 5 6 7 8 9 10 11 12 | 12.5
Shields        | 5 7 11 15 17 18 19 20 21 22 23 | 23.7
Invocations    | 7 11 13 14 15 17 18 19 20 21 | 21.4

Action                     |  1- 3 |  4- 6 |  7- 9 | 10-12 | 13-15 | 16-18 | 19-21 | 22-24 | 25-27 || total
---------------------------+-------+-------+-------+-------+-------+-------+-------+-------+-------++-------
  Melee: Flail             |   104 |   203 |   103 |       |       |       |       |       |       ||   410
         Morningstar       |       |       |   150 |   197 |   174 |   708 |       |       |       ||  1229
         Demon whip        |       |       |       |   248 |   641 |    11 |       |       |       ||   900
         Broad axe         |       |       |       |     6 |       |       |       |       |       ||     6
         War axe           |       |       |       |       |    42 |       |       |       |       ||    42
         Eveningstar       |       |       |       |       |       |   680 |  1370 |  1655 |  1626 ||  5331
         Headbutt          |       |       |       |       |       |   144 |   373 |   467 |   505 ||  1489
  Throw: Dart              |       |       |     5 |     8 |    16 |    30 |    26 |       |       ||    85
         Javelin           |       |       |       |       |       |     6 |     2 |       |     2 ||    10
 Invoke: Lesser Servant of |       |       |       |       |       |     1 |       |       |       ||     1
  Evoke: Wand              |       |       |     3 |       |     5 |     2 |     1 |     2 |       ||    13
         Lightning rod     |       |       |       |       |       |       |       |     3 |       ||     3
    Use: Scroll            |       |       |    10 |     9 |     4 |    11 |     1 |     9 |    11 ||    55
         Potion            |       |       |     6 |     5 |     2 |     4 |     4 |     1 |    17 ||    39
   Stab: Sleeping          |       |     1 |     4 |     5 |     4 |    11 |    23 |       |       ||    48
         Invisible         |       |       |     1 |       |     2 |       |     4 |       |       ||     7
         Distracted        |       |       |       |       |     2 |       |     1 |       |       ||     3
         Confused          |       |       |       |       |       |       |     1 |       |       ||     1
 Armour: Scale mail        |    32 |       |       |       |       |       |       |       |       ||    32
         Plate armour      |    64 |    78 |       |       |       |       |       |       |       ||   142
         Shadow dragon sca |       |    55 |   206 |   385 |   592 |   842 |  1023 |   358 |       ||  3461
         Gold dragon scale |       |       |       |       |       |       |       |   779 |  1388 ||  2167
  Dodge: Dodged            |    36 |    53 |   105 |   173 |   270 |   356 |   367 |   348 |   578 ||  2286
  Block: Buckler           |    23 |    25 |    47 |    88 |   185 |   249 |       |       |       ||   617
         Reflection        |       |       |       |       |     1 |    16 |    83 |   107 |    22 ||   229
         Tower shield      |       |       |       |       |       |   836 |  1471 |  1716 |  1687 ||  5710

Table legend: (Time is in decaauts)
 A = Elapsed time spent in this place.
 B = Non-inter-level travel time spent in this place.
 C = Inter-level travel time spent in this place.
 D = Time resting spent in this place.
 E = Time spent auto-exploring this place.
 F = Levels seen in this place.
 G = Mean time per level.
                   A        B        C        D        E       F      G
               +--------+--------+--------+--------+--------+-----+--------+
         Total |  59740 |  54174 |   5566 |   4469 |  36588 |  52 | 1148.8 |
       Dungeon |  17887 |  15642 |   2245 |   1187 |  11231 |  15 | 1192.5 |
        Temple |     54 |      1 |     53 |      0 |      0 |   1 |   54.0 |
          Lair |   5887 |   5172 |    715 |     29 |   3987 |   5 | 1177.4 |
         Swamp |   2694 |   2503 |    191 |     76 |   1744 |   4 |  673.5 |
   Spider Nest |   4247 |   3852 |    395 |    123 |   2715 |   4 | 1061.8 |
  Orcish Mines |   1578 |   1423 |    155 |     70 |    881 |   2 |  789.0 |
   Elven Halls |   4540 |   4216 |    324 |    845 |   2207 |   3 | 1513.3 |
        Vaults |   7267 |   6729 |    538 |     48 |   4653 |   5 | 1453.4 |
        Depths |   4608 |   4334 |    274 |    705 |   2499 |   4 | 1152.0 |
           Zot |   9260 |   8587 |    673 |   1368 |   5652 |   5 | 1852.0 |
         Trove |     57 |     57 |      0 |      0 |      5 |   1 |   57.0 |
        Bailey |    528 |    528 |      0 |      7 |    323 |   1 |  528.0 |
      Ice Cave |    632 |    632 |      0 |      7 |    350 |   1 |  632.0 |
      Gauntlet |    495 |    495 |      0 |      0 |    340 |   1 |  495.0 |
               +--------+--------+--------+--------+--------+-----+--------+

Top non-repeatable levels by time:
   Zot:5: 3401 daAuts
   Zot:2: 2949 daAuts
     D:7: 2131 daAuts
   Elf:2: 2120 daAuts
Vaults:5: 1926 daAuts
  Lair:1: 1729 daAuts
Depths:2: 1637 daAuts
Vaults:2: 1541 daAuts
    D:10: 1436 daAuts
    D:14: 1410 daAuts
   Zot:4: 1400 daAuts
    D:12: 1354 daAuts
Vaults:3: 1350 daAuts
    D:13: 1317 daAuts
   Elf:1: 1312 daAuts
